 Dungeon Crawl Stone Soup version 0.23-a0-419-g0174fd8 (webtiles) character file.

474 galech the Shield-Bearer (level 6, -1/48 HPs)
             Began as a Demonspawn Fighter on Nov 13, 2018.
             Slain by a hippogriff (9 damage)
             ... on level 4 of the Dungeon.
             The game lasted 00:03:59 (2973 turns).

galech the Shield-Bearer (Demonspawn Fighter)       Turns: 2973, Time: 00:04:00

Health: -1/48      AC:  7    Str: 16    XL:     6   Next: 84%
Magic:  6/6        EV:  8    Int: 10    God:
Gold:   33         SH:  9    Dex: 14    Spells: 5/5 levels left

rFire    . . .     SeeInvis .   a - +0 war axe
rCold    . . .     Gourm    .   c - +0 shield
rNeg     . . .     Faith    .   b - +0 scale mail
rPois    .         Spirit   .   (helmet restricted)
rElec    .         Reflect  .   (no cloak)
rCorr    .         Harm     .   (no gloves)
MR       .....                  (no boots)
Stlth    ..........             d - amulet of rage
HPRegen  0.16/turn              (no ring)
MPRegen  0.10/turn              (no ring)

@: no status effects
A: horns 1, spiny 1
a: Evoke Berserk Rage


You were on level 4 of the Dungeon.
You were not hungry.

You visited 1 branch of the dungeon, and saw 4 of its levels.

You collected 128 gold pieces.
You spent 95 gold pieces at shops.

Inventory:

Hand Weapons
 a - a +0 war axe (weapon)
Armour
 b - a +0 scale mail (worn)
 c - a +0 shield (worn)
Jewellery
 d - an amulet of rage (around neck)
Scrolls
 e - 2 scrolls of identify
 g - 2 scrolls of fog
 h - a scroll of enchant armour
 j - 4 scrolls of teleportation
 k - 4 scrolls of remove curse
 p - a scroll of random uselessness
 q - a scroll of noise
 r - a scroll of enchant weapon
 s - a scroll of immolation
 u - 2 scrolls of magic mapping
Potions
 i - 2 potions of magic {unknown}
 l - a potion of agility {unknown}
 m - a potion of curing {unknown}
 n - 2 potions of mutation {unknown}
 o - 2 potions of degeneration {unknown}
 t - a potion of brilliance
Comestibles
 f - 11 rations
 v - 4 chunks of flesh


   Skills:
 + Level 3.9 Fighting
 + Level 4.1 Axes
 + Level 3.7 Armour
 + Level 1.7 Dodging
 + Level 0.3 Stealth
 + Level 4.2 Shields
 + Level 0.1 Evocations


You had 5 spell levels left.
You didn't know any spells.
Your spell library contained the following spells:

 Spells                   Type           Power        Failure   Level  Hunger
 Confusing Touch          Hex            #.....       99%         1    ##.....
 Confuse                  Hex            #.......     100%        3    ####...
 Gell's Gravitas          Tloc           #.........   100%        3    ####...
 Petrify                  Tmut/Erth      #.......     100%        4    #####..
 Metabolic Englaciation   Hex/Ice        #.........   100%        5    ######.
 Yara's Violent Unravell  Hex/Tmut       #.........   100%        5    ######.


Dungeon Overview and Level Annotations

Branches:
Dungeon (4/15)
 Temple: D:4-7

Altars:
Ashenzari
Elyvilon
Hepliaklqana

Shops:
D:4 ?


Innate Abilities, Weirdness & Mutations

You have a pair of small horns on your head.
You are partially covered in sharp spines.


Message History

You slash the hippogriff! You headbutt the hippogriff!
The hippogriff is severely wounded.
The hippogriff bites you.
The hippogriff pecks you but does no damage.
The hippogriff claws you but does no damage.
You closely miss the hippogriff.
The hippogriff is severely wounded.
The hippogriff is struck by your spines.
The hippogriff bites you but does no damage.
The hippogriff pecks you.
* * * LOW HITPOINT WARNING * * *
You block the hippogriff's attack. The hippogriff bites you.
* * * LOW HITPOINT WARNING * * *
The hippogriff pecks you but does no damage.
The hippogriff claws you.
* * * LOW HITPOINT WARNING * * *
You barely miss the hippogriff.
The hippogriff is almost dead.
The hippogriff bites you!
You die...

#. #. #.# #.
###.### #.
#.....# #.
#W#.#.# #.
#.#.#.# ##
#H#.#.# #@#.#<#
###### #.#.#.#
#.....
#.....####
#.####
###.##...####.#
#...........#
####...######
#####


You could see a hippogriff and a phantom.

Vanquished Creatures
  A hippogriff (D:2)
  A hound (D:4)
  A bullfrog skeleton (D:4)
  An orc priest (D:4)
  An orc wizard (D:4)
  2 worker ants (D:4)
  2 adders
  An ooze (D:3)
  3 worms (D:2)
  A dart slug (D:1)
  A leopard gecko (D:1)
  12 orcs
  2 ball pythons
  6 giant cockroaches
  11 goblins
  8 hobgoblins
  2 jackals (D:1)
  11 kobolds
  A quokka (D:2)
  11 bats
  4 frilled lizards
  A jackal skeleton (D:4)
  8 rats
92 creatures vanquished.

Notes
Turn   | Place    | Note
-------+----------+-------------------------------------------
     0 | D:1      | galech the Demonspawn Fighter began the quest for the Orb.
     0 | D:1      | Reached XP level 1. HP: 18/18 MP: 1/1
    86 | D:1      | Gained mutation: You are partially covered in sharp spines.
                  | [demonic ancestry]
    86 | D:1      | Reached XP level 2. HP: 22/24 MP: 2/2
   558 | D:1      | Reached XP level 3. HP: 23/29 MP: 3/3
  1029 | D:2      | Noticed a hippogriff
  1041 | D:2      | Killed a hippogriff
  1041 | D:2      | Gained mutation: You have a pair of small horns on your
                  | head. [demonic ancestry]
  1041 | D:2      | Reached XP level 4. HP: 3/37 MP: 4/4
  1041 | D:2      | Reached XP level 5. HP: 4/42 MP: 5/5
  1312 | D:2      | Found a shattered altar of Ashenzari.
  1322 | D:2      | Found a white marble altar of Elyvilon.
  1598 | D:2      | Reached skill level 1 in Dodging
  1955 | D:3      | Reached XP level 6. HP: 40/48 MP: 6/6
  2804 | D:4      | Found Nenifea's Magic Scroll Shoppe.
  2810 | D:4      | Bought a scroll of identify for 20 gold pieces
  2810 | D:4      | Bought a scroll of identify for 20 gold pieces
  2810 | D:4      | Bought a scroll of magic mapping for 35 gold pieces
  2810 | D:4      | Bought a scroll of identify for 20 gold pieces
  2853 | D:4      | Found a hazy altar of Hepliaklqana.
  2965 | D:4      | Noticed a hippogriff
  2973 | D:4      | Slain by a hippogriff

Vault maps used:
D:1:      noname_arrival_rooms_in_the_neighbourhood
D:2:      evilmike_ruin_ashenzari, serial_park_tiny_2, elyvilon_altar_1
D:3:      first_ration
D:4:      kennysheep_little_box, serial_shops, shop, uniq_eustachio

Skill      XL: |  1  2  3  4  5  6 |
---------------+-------------------+-----
Shields        | 3 4 |  4.2
Armour         | 3 |  3.7
Axes           | 2 3 4 |  4.1
Dodging        | 1 |  1.7
Fighting       | |  3.9
Stealth        | |  0.3
Evocations     | |  0.1

Action                   |  1- 3 |  4- 6 || total
-------------------------+-------+-------++-------
Melee: War axe           |   101 |   119 ||   220
       Headbutt          |       |    19 ||    19
 Abil: Evoke Berserk Rag |       |     1 ||     1
  Use: Potion            |     1 |       ||     1
       Scroll            |       |     9 ||     9
  Eat: Chunk             |     1 |     7 ||     8
Armor: Scale mail        |    46 |    47 ||    93
Dodge: Dodged            |    29 |    38 ||    67
Block: Shield            |    69 |    73 ||   142

Table legend:
 A = Non-vault XP
 B = Vault XP
 C = Vault XP percentage of total XP
 D = Non-vault monster count
 E = Vault monster count
 F = Vault count percentage of total count
                 A         B        C        D         E       F
            +---------+---------+-------+---------+---------+-------
      Total |     678 |       0 |   0.0 |      92 |       0 |   0.0
            +---------+---------+-------+---------+---------+-------
        D:1 |      50 |       0 |   0.0 |      29 |       0 |   0.0
        D:2 |     316 |       0 |   0.0 |      28 |       0 |   0.0
        D:3 |      50 |       0 |   0.0 |      21 |       0 |   0.0
        D:4 |     262 |       0 |   0.0 |      14 |       0 |   0.0
            +---------+---------+-------+---------+---------+-------
